 Dungeon Crawl Stone Soup version 0.29.1-12-g30fa7ad0bf (webtiles) character file.

Game seed: 608510076347980070

160 Radix the Magician (level 5, -1/28 HPs)
             Began as a Deep Elf Air Elementalist on Dec 31, 2022.
             Slain by Blork the orc
             ... wielding a +1 war axe of freezing
              (8 damage)
             ... on level 4 of the Dungeon.
             The game lasted 00:18:14 (3812 turns).

Radix the Magician (Deep Elf Air Elementalist)      Turns: 3812, Time: 00:18:15

Health: -1/28      AC:  6    Str:  5    XL:     5   Next: 17%
Magic:  10/14      EV: 12    Int: 26    God:
Gold:   199        SH:  0    Dex: 15    Spells: 7/13 levels left

rFire   . . .      SeeInvis .   s - +1 short sword (speed)
rCold   . . .      Faith    .   (no shield)
rNeg    . . .      Spirit   .   a - +0 robe
rPois   .          Reflect  .   (no helmet)
rElec   .          Harm     .   r - +0 cloak
rCorr   .          Rampage  .   t - +0 pair of gloves
Will    .....                   w - +1 pair of boots of Poschakk {Int+4}
Stlth   ++........              (no amulet)
HPRegen 0.09/turn               m - ring of wizardry
MPRegen 0.14/turn               B - ring of flight

@: sluggish, flying, very slow
A: no striking features
a: no special abilities


You were on level 4 of the Dungeon.
You visited 1 branch of the dungeon, and saw 4 of its levels.

You collected 199 gold pieces.

Inventory:

Hand Weapons
 c - a +0 spear
 f - a +1 dagger of venom
 s - a +1 short sword of speed (weapon)
 y - a +2 flail of holy wrath
Armour
 a - a +0 robe (worn)
 k - a +0 pair of boots
 r - a +0 cloak (worn)
 t - a +0 pair of gloves (worn)
 w - the +1 pair of boots of Poschakk (worn) {Int+4}
   (You found it on level 3 of the Dungeon)

   Int:       It affects your intelligence (+4).
Jewellery
 m - a ring of wizardry (left hand)
 B - a ring of flight (right hand)
Scrolls
 h - 2 scrolls of magic mapping {unknown}
 i - 2 scrolls of poison {unknown}
 l - a scroll of identify {unknown}
 n - a scroll of immolation {unknown}
 p - 2 scrolls of teleportation {unknown}
 q - a scroll of fog {unknown}
 u - 3 scrolls of summoning {unknown}
 x - a scroll of enchant weapon {unknown}
Potions
 b - 2 potions of magic
 d - 2 potions of heal wounds {unknown}
 e - a potion of degeneration {unknown}
 g - a potion of might {unknown}
 j - 2 potions of cancellation {unknown}
 o - a potion of curing {unknown}
 v - a potion of haste {unknown}
 z - a potion of attraction {unknown}
 A - a potion of brilliance {unknown}


   Skills:
 - Level 2.4 Dodging
 - Level 2.4 Stealth
 + Level 4.8 Spellcasting
 + Level 3.3 Conjurations
 + Level 4.1 Air Magic


You had 7 spell levels left.
You knew the following spells:

 Your Spells              Type           Power      Damage    Failure   Level
a - Shock                 Conj/Air       100%       1d9       1%          1
b - Static Discharge      Conj/Air       25%        3-7/arc   1%          2
c - Swiftness             Air            28%        N/A       1%          3

Your spell library contained the following spells:

 Spells                   Type           Power      Damage    Failure   Level
 Airstrike                Air            14%        2d(2-18)  6%          4


Dungeon Overview and Level Annotations

Branches:
Dungeon (4/15)
 Temple: D:4-7

Altars:
Fedhas
Nemelex Xobeh

Annotations:
D:3 exclusion: oklob plant
D:4 Blork the orc


Message History

Aim: an adder (severely wounded, 57% to hit)
The zap hits the adder.
You kill the adder!
Aiming: Shock (safe; 1% risk of failure)
Press: ? - help, Q - select action, (/) - cycle Shift-Dir - straight line, f - Blork the orc
Aim: Blork the orc, wielding a +1 war axe of freezing and wearing a +0 robe (77% to hit)
The zap hits Blork the orc.
Blork the orc is lightly wounded.
A dart slug comes into view.
Aiming: Shock (safe; 1% risk of failure)
Press: ? - help, Q - select action, (/) - cycle Shift-Dir - straight line, f/p - Blork the orc
Aim: Blork the orc, wielding a +1 war axe of freezing and wearing a +0 robe (lightly wounded, 77% to hit)
The zap hits Blork the orc.
Blork the orc is lightly wounded.
The zap hits the dart slug.
The dart slug is moderately wounded.
Casting: Shock (safe; 1% risk of failure)
Confirm with . or Enter, or press ? or * to list all spells.
You feel quick.
Blork the orc mumbles some strange words.
Blork the orc seems to speed up.
Blork the orc attacks as you move away!
Blork the orc hits you with a +1 war axe of freezing.
Blork the orc freezes you.
Blork the orc miscasts a cantrip.
You start to feel a little slower.
Blork the orc casts a spell at you. The magic dart hits you!
You feel sluggish. Blork the orc attacks as you move away!
Blork the orc hits you but does no damage.
Blork the orc casts a spell at you.
The magic dart hits you but does no damage.
Blork the orc attacks as you move away! Blork the orc closely misses you.
Blork the orc points at you and mumbles some strange words.
The puff of frost hits you!
* * * LOW HITPOINT WARNING * * *
Blork the orc barely misses you.
Blork the orc hits you with a +1 war axe of freezing!
You die...

.#######.# #.##.# ......##.#
#.##.# .####.##.# #.##.# .#
#.##.# ### #.##.#
.####.##.####+++###.########.##.#
......<...[......................
.###..##.##..................##.#
.# #..##.##.#######.######.#.##.#
...#..##........@o.......)...#...
...#..#####.#####...##.....#.#..#
...#..#####.###.....##....##.#...
.#..............##........+......
.#.#.######.#######.##....##.#...
.........##.#.....#.##....##.#..
.#.#.###.##.#.#.#.#.##....##.# ..
...#............#.#.##....# .# ..
.#####......#.#.#.#.##....#


You could see Blork the orc (fast).

Vanquished Creatures
  An orc priest (D:3)
  3 gnolls (D:3)
  2 adders
  4 worms
  3 dart slugs
  3 orcs (D:3)
  2 endoplasms (D:2)
  3 giant cockroaches
  2 goblins
  7 hobgoblins
  5 quokkas
  3 ball pythons (D:4)
  9 bats
  2 frilled lizards
  10 kobolds
  8 rats
67 creatures vanquished.

Vanquished Creatures (others)
  4 plants
4 creatures vanquished.

Grand Total: 71 creatures vanquished

Notes
Turn   | Place    | Note
-------+----------+-------------------------------------------
     0 | D:1      | Radix the Deep Elf Air Elementalist began the quest for the
                  | Orb.
     0 | D:1      | Reached XP level 1. HP: 10/10 MP: 6/6
   331 | D:1      | Reached XP level 2. HP: 15/15 MP: 5/8
   931 | D:1      | Found a faded altar of an unknown god.
  1157 | D:2      | Reached XP level 3. HP: 19/19 MP: 0/10
  1259 | D:2      | Learned a level 2 spell: Static Discharge
  1263 | D:2      | Learned a level 3 spell: Swiftness
  1922 | D:3      | Found a sparkling altar of Nemelex Xobeh.
  1949 | D:3      | Reached XP level 4. HP: 24/24 MP: 10/12
  2399 | D:3      | Identified the +1 pair of boots of Poschakk {Int+4}
  2507 | D:3      | Reached XP level 5. HP: 28/28 MP: 10/14
  2972 | D:3      | Found a blossoming altar of Fedhas.
  2992 | D:3      | Noticed an oklob plant
  3787 | D:4      | Noticed Blork the orc
  3812 | D:4      | Slain by Blork the orc

Illustrated notes

Levels and vault maps discovered:
D:1:      minmay_arrival_stair_chambers, layout_basic,
          shapermc_ecumenical_altar_petra
D:2:      layout_rooms, lemuel_flame_loot_1
D:3:      layout_loops_ring, amcnicky_altar_gilded, tgw_fedhas
D:4:      layout_basic, mainiacjoe_overflow_alcove_4, uniq_blork_the_orc

Skill      XL: |  1  2  3  4 |
---------------+-------------+-----
Conjurations   | 2 3 |  3.3
Spellcasting   | 4 |  4.8
Air Magic      | 4 |  4.1
Dodging        | |  2.4
Stealth        | |  2.4

Action                   |  1- 3 |  4- 6 || total
-------------------------+-------+-------++-------
Melee: Spear             |     1 |       ||     1
       Dagger            |     7 |       ||     7
       Short sword       |       |    10 ||    10
       Punch             |       |     1 ||     1
 Cast: Shock             |    65 |    68 ||   133
       Swiftness         |       |     1 ||     1
Armor: Robe              |       |     6 ||     6
Dodge: Dodged            |     4 |     7 ||    11
